 Dungeon Crawl Stone Soup version 0.19.0-22-gd96e5fe (webtiles) character file.

14779 nikopol the Fighter (level 12, -3/77 HPs)
             Began as a Gargoyle Berserker on Nov 19, 2016.
             Was a High Priest of Trog.
             Slain by a polar bear (4 damage)
             ... in an ice cave.
             The game lasted 00:42:30 (13830 turns).

nikopol the Fighter (Gargoyle Berserker)           Turns: 13830, Time: 00:42:31

Health: -3/77      AC: 28    Str: 23    XL:     12   Next: 20%
Magic:  12/12      EV: 12    Int:  7    God:    Trog [*****.]
Gold:   289        SH:  0    Dex: 13    Spells: 0 memorised, 11 levels left

rFire  + . .     SeeInvis +     a - +0 war axe (elec)
rCold  . . .     Gourm    .     H - +2 chain mail {rF+}
rNeg   + . .     Faith    .     (no shield)
rPois  ∞         Spirit   .     (no helmet)
rElec  +         Reflect  .     P - +2 cloak
rCorr  +         Harm     .     m - +1 pair of gloves
MR     .....                    (no boots)
Stlth  ..........               (no amulet)
                                R - ring of see invisible
                                G - ring of resist corrosion

@: no status effects
A: negative energy resistance 1, electricity resistance, unbreathing,
petrification resistance, rot immunity, AC +8
a: Berserk, Trog's Hand, Brothers in Arms, Burn Spellbooks, Renounce Religion


You were in an ice cave.
You worshipped Trog.
Trog was extremely pleased with you.
You were not hungry.

You visited 1 branch of the dungeon, and saw 11 of its levels.
You also visited: Ice Cave.

You collected 691 gold pieces.
You spent 402 gold pieces at shops.

Inventory:

Hand Weapons
 a - a +0 war axe of electrocution (weapon)
 z - a +0 shortbow
Missiles
 k - 239 arrows (quivered)
Armour
 m - a +1 pair of gloves (worn)
 H - a +2 chain mail of fire resistance (worn)
 P - a +2 cloak (worn)
Jewellery
 G - a ring of resist corrosion (left hand)
 R - a ring of see invisible (right hand)
Wands
 b - a wand of paralysis (20/24)
 o - a wand of lightning (3/15)
Scrolls
 d - 4 scrolls of identify
 h - 2 scrolls of recharging
 i - 4 scrolls of remove curse
 j - 6 scrolls of enchant armour
 l - 3 scrolls of teleportation
 q - a scroll of torment {unknown}
 r - a scroll of magic mapping
 v - a scroll of fog
 B - 4 scrolls of blinking
Potions
 e - 3 potions of brilliance
 g - 5 potions of curing
 n - a potion of cure mutation
 p - 2 potions of resistance
 s - a potion of heal wounds {unknown}
 t - a potion of lignification {unknown}
 u - 5 potions of flight
 N - 2 potions of ambrosia
 O - a potion of cancellation
Comestibles
 c - 9 bread rations
 f - 5 beef jerkies
 w - 7 meat rations
 x - 2 fruits
 A - 4 chunks of flesh
 L - 6 slices of pizza


   Skills:
 + Level 10.3 Fighting
 * Level 9.4 Axes
 * Level 7.3 Bows
 + Level 10.0 Armour
 + Level 7.4 Dodging


You had 11 spell levels left.
You didn't know any spells.

Dungeon Overview and Level Annotations

Branches:
Dungeon (11/15)            Temple (0/1) D:7            Lair (0/6) D:11
    Orc: D:9-12

Altars:
Elyvilon
Vehumet

Shops:
D:6 [(!%!   D:9 [([


Innate Abilities, Weirdness & Mutations

You are resistant to torment.
Your stone body is resilient. (AC +8)
You are immune to poison.
You resist negative energy. (rN+)
You are resistant to electric shocks. (rElec)
You can survive without breathing.
You are immune to petrification.
You are immune to rotting.


Message History

You hit the polar bear but do no damage.
The polar bear is almost dead.
The polar bear bites you!
* * * LOW HITPOINT WARNING * * *
The polar bear barely misses you. The polar bear claws you.
* * * LOW HITPOINT WARNING * * *
The polar bear bites you but does no damage.
The polar bear claws you but does no damage. x2
You hit the polar bear.
The polar bear is almost dead.
The polar bear bites you but does no damage.
The polar bear claws you but does no damage.
The polar bear closely misses you.
You hit the polar bear.
The polar bear is almost dead.
The polar bear bites you!!
* * * LOW HITPOINT WARNING * * *
The polar bear claws you but does no damage. x2
The polar bear barely misses you. The polar bear claws you.
You die...

#### ##..## #
##....### ..#
#.......##....
#.∩.∩.......#
#.....@h...#
##....##..##
##..## ## ####


You could see a polar bear (berserk).

Vanquished Creatures
  Josephine (D:10)
  Erica (D:8)
  Nergalle (D:10)
  An unseen horror (D:11)
  3 hill giants
  A deep elf mage (D:11)
  Maurice (D:8)
  The ghost of Philosophy the Chopper, a novice HOFi of Okawaru (D:5)
  Psyche (D:9)
  A polar bear (IceCv)
  A hippogriff (D:7)
  5 wraiths (D:10)
  A human (D:7)
  6 yaks
  4 hogs (D:7)
  2 hungry ghosts
  A mottled dragon (D:11)
  A water moccasin (D:7)
  3 ice beasts
  8 orc warriors
  2 phantoms
  2 black bears
  5 ogres
  3 sky beasts
  An eye of draining (D:10)
  A hornet zombie (D:5)
  5 centaurs
  11 bullfrogs
  A big kobold (D:4)
  A wyvern skeleton (D:11)
  3 scorpions
  3 wights (D:6)
  4 crimson imps
  A howler monkey (D:5)
  A centaur zombie (D:8)
  4 hounds
  4 centaur skeletons
  3 jellies
  8 orc priests
  8 orc wizards
  Jessica (D:3)
  A bullfrog skeleton (D:9)
  4 iguanas
  Ijyb (D:2)
  Natasha (thrice) (D:3)
  13 worker ants
  A killer bee zombie (D:6)
  2 hound skeletons
  3 gnolls (D:4)
  A howler monkey skeleton (D:4)
  9 adders
  A shadow imp (D:5)
  12 white imps (D:11)
  An ooze (D:2)
  3 adder zombies
  3 adder skeletons
  2 worms
  A dart slug (D:1)
  5 leopard geckos
  52 orcs
  A ball python (D:2)
  6 bats
  9 giant cockroaches
  6 goblins
  7 hobgoblins
  2 jackals (D:5)
  A quokka (D:2)
  6 frilled lizards
  A jackal skeleton (D:4)
  26 kobolds
  8 rats
307 creatures vanquished.

Vanquished Creatures (collateral kills)
  A polar bear (IceCv)
  2 yaks (IceCv)
  3 wolves (IceCv)
  2 crimson imps (D:11)
  A centaur skeleton (D:11)
  An iguana (D:11)
  A howler monkey skeleton (D:11)
11 creatures vanquished.

Vanquished Creatures (others)
  A sky beast (D:7)
  An orc (D:10)
  6 plants
8 creatures vanquished.

Grand Total: 326 creatures vanquished

Notes
Turn   | Place    | Note
-------+----------+-------------------------------------------
     0 | D:1      | nikopol the Gargoyle Berserker began the quest for the Orb.
     0 | D:1      | Reached XP level 1. HP: 14/14 MP: 1/1
   347 | D:1      | Reached XP level 2. HP: 17/19 MP: 2/2
  1232 | D:2      | Noticed Ijyb
  1250 | D:2      | Killed Ijyb
  1250 | D:2      | Reached XP level 3. HP: 19/24 MP: 3/3
  1535 | D:2      | Reached XP level 4. HP: 16/29 MP: 4/4
  2490 | D:2      | Reached ** piety under Trog
  2654 | D:3      | Noticed Natasha
  2665 | D:3      | Killed Natasha
  2665 | D:3      | Reached XP level 5. HP: 32/33 MP: 5/5
  2749 | D:3      | Noticed Natasha
  2763 | D:3      | Killed Natasha
  3041 | D:3      | Noticed Natasha
  3049 | D:3      | Killed Natasha
  3473 | D:3      | Noticed Jessica
  3476 | D:3      | Killed Jessica
  3476 | D:3      | Reached XP level 6. HP: 39/39 MP: 6/6
  3598 | D:3      | Found a radiant altar of Vehumet.
  4114 | D:4      | Reached *** piety under Trog
  4129 | D:4      | Reached skill level 5 in Fighting
  4129 | D:4      | Reached XP level 7. HP: 44/44 MP: 7/7
  4583 | D:4      | Found a white marble altar of Elyvilon.
  4875 | D:5      | Entered Level 5 of the Dungeon
  5032 | D:5      | Noticed Philosophy's ghost (novice HOFi)
  5053 | D:5      | Killed Philosophy's ghost
  5053 | D:5      | Reached skill level 5 in Armour
  5053 | D:5      | Reached XP level 8. HP: 23/51 MP: 8/8
  5361 | D:5      | Reached skill level 5 in Axes
  6055 | D:5      | Reached **** piety under Trog
  6589 | D:6      | Found Wiypsuimid's Antique Armour Shoppe.
  6650 | D:6      | Reached XP level 9. HP: 53/56 MP: 9/9
  6669 | D:6      | Bought a shiny chain mail for 241 gold pieces
  6712 | D:6      | Found Parphy's Food Shoppe.
  6743 | D:6      | Reached skill level 5 in Dodging
  6888 | D:6      | Found Ogreru's Antique Weapon Shoppe.
  6900 | D:6      | Found Qisaa's Distillery.
  7209 | D:6      | Found Elluasmo's Distillery.
  8310 | D:7      | Reached XP level 10. HP: 48/64 MP: 10/10
  8969 | D:7      | Reached skill level 1 in Bows
  9032 | D:7      | Found a staircase to the Ecumenical Temple.
  9629 | D:8      | Noticed Erica
  9645 | D:8      | Reached ***** piety under Trog
  9665 | D:8      | Killed Erica
 10004 | D:8      | Received a gift from Trog
 10771 | D:9      | Noticed Maurice
 11060 | D:8      | Killed Maurice
 11140 | D:9      | Found Zurhum's Antique Armour Shoppe.
 11145 | D:9      | Bought a steaming chain mail for 161 gold pieces
 11158 | D:9      | Noticed Psyche
 11170 | D:9      | Killed Psyche
 11170 | D:9      | Reached XP level 11. HP: 70/71 MP: 11/11
 11252 | D:9      | Identified the cursed +1 chain mail "Peotyas" {*Slow MR+ MP+9} (You bought it in a shop on level 9 of the Dungeon)
 11717 | D:9      | Found Bosk's Armour Shoppe.
 11736 | D:9      | Found Uruxyoh's Weapon Shoppe.
 11868 | D:10     | Entered Level 10 of the Dungeon
 12027 | D:10     | Noticed a hill giant
 12036 | D:10     | Killed a hill giant
 12036 | D:10     | Reached skill level 5 in Bows
 12059 | D:10     | Noticed Nergalle
 12070 | D:10     | Noticed a spectral orc warlord
 12084 | D:10     | Killed Nergalle
 12410 | D:10     | Received a gift from Trog
 12414 | D:10     | Noticed Josephine
 12437 | D:10     | Killed Josephine
 13166 | D:11     | Noticed a deep elf mage
 13173 | D:11     | Noticed a hill giant
 13192 | D:11     | Killed a hill giant
 13200 | D:11     | Reached skill level 10 in Fighting
 13211 | D:11     | Killed a deep elf mage
 13569 | D:11     | Reached XP level 12. HP: 68/77 MP: 12/12
 13630 | D:11     | Found a staircase to the Lair.
 13654 | D:11     | Reached skill level 10 in Armour
 13684 | D:11     | Found a frozen archway.
 13734 | IceCv    | Entered an ice cave
 13830 | IceCv    | HP: 1/77 [polar bear (18)]
 13830 | IceCv    | Slain by a polar bear

Skill      XL: |  1  2  3  4  5  6  7  8  9 10 11 12 |
---------------+-------------------------------------+-----
Axes           | 3 4 5 6 8 9 |  9.4
Armour         | 3 4 5 6 8 9 10 | 10.0
Dodging        | 2 3 4 6 7 |  7.4
Fighting       | 4 5 6 8 9 10 | 10.3
Bows           | 4 6 7 |  7.3

Action                   |  1- 3 |  4- 6 |  7- 9 | 10-12 || total
-------------------------+-------+-------+-------+-------++-------
Melee: Hand axe          |    79 |   240 |   544 |   207 ||  1070
       War axe           |       |       |       |   383 ||   383
 Fire: Shortbow          |       |       |       |   269 ||   269
Invok: Berserk           |     1 |     3 |     8 |     8 ||    20
       Brothers in Arms  |       |       |       |     2 ||     2
       Trog's Hand       |       |       |       |     1 ||     1
  Use: Scroll            |       |       |       |    21 ||    21
  Eat: Chunk             |     3 |    10 |    19 |    27 ||    59
       Fruit             |       |       |     1 |     1 ||     2
       Pizza             |       |       |     1 |     1 ||     2
       Royal jelly       |       |       |       |     1 ||     1
Armor: Animal skin       |    13 |       |       |       ||    13
       Leather armour    |    10 |    72 |       |       ||    82
       Ring mail         |       |    50 |    35 |       ||    85
       Scale mail        |       |       |   109 |       ||   109
       Chain mail        |       |       |   135 |   501 ||   636
Dodge: Dodged            |    38 |   182 |   267 |   385 ||   872
